 Dungeon Crawl Stone Soup version 0.20.1-1-g8b1a95d (webtiles) character file.

9154 Gargoyl the Cleaver (level 11, -5/92 HPs)
             Began as a Minotaur Abyssal Knight on Sept 14, 2017.
             Was a High Priest of Lugonu.
             Slain by a komodo dragon (22 damage)
             ... on level 1 of the Lair of Beasts.
             The game lasted 00:24:01 (15048 turns).

Gargoyl the Cleaver (Minotaur Abyssal Knight)      Turns: 15048, Time: 00:24:01

Health: -5/92      AC: 14    Str: 18    XL:     11   Next: 19%
Magic:  15/15      EV:  4    Int: 13    God:    Lugonu [*****.]
Gold:   463        SH: 16    Dex: 12    Spells: 10/10 levels left

rFire    . . .     SeeInvis .   u - +1 broad axe (freeze)
rCold    . . .     Gourm    .   d - +0 large shield
rNeg     + . .     Faith    .   i - +0 plate armour
rPois    +         Spirit   .   (helmet restricted)
rElec    .         Reflect  .   (no cloak)
rCorr    .         Harm     .   (no gloves)
MR       .....     Rnd*Rage +   (no boots)
Stlth    ..........             (no amulet)
Regen    0.3/turn               l - ring of positive energy
MPRegen  0.2/turn               p - ring of poison resistance

@: no status effects
A: retaliatory headbutt, horns 2, talons 2, berserk 1, blink, clever 2, sense
surroundings 1, no potion heal 1
a: Blink, Depart the Abyss, Bend Space, Banish, Corrupt, Enter the Abyss,
Renounce Religion


You were on level 1 of the Lair of Beasts.
You worshipped Lugonu.
Lugonu was extremely pleased with you.
You were not hungry.

You visited 2 branches of the dungeon, and saw 10 of its levels.
You visited the Abyss 1 time.

You collected 463 gold pieces.

Inventory:

Hand Weapons
 a - a +2 hand axe
 s - a +1 flail of holy wrath
 u - a +1 broad axe of freezing (weapon)
 x - a +3 war axe of freezing
Armour
 d - a +0 large shield (worn)
 i - a +0 plate armour (worn)
Jewellery
 l - a ring of positive energy (left hand)
 p - a ring of poison resistance (right hand)
Wands
 o - a wand of polymorph (13/24)
 r - a wand of iceblast (7/15)
 z - a wand of confusion (30/48)
 B - a wand of digging (16/24)
Scrolls
 f - 4 scrolls of identify
 h - a scroll of teleportation
 j - 5 scrolls of remove curse
 m - 2 scrolls of blinking
 q - 2 scrolls of recharging
 A - a scroll of amnesia
Potions
 e - 2 potions of curing
 k - 3 potions of flight
 w - a potion of haste
 C - a potion of agility
 D - a potion of cancellation {unknown}
Books
 v - a book of Misfortune

   Spells                             Type                      Level
   a - Confusing Touch                Hexes                        1
   b - Confuse                        Hexes                        3
   c - Gell's Gravitas                Translocation                3
   d - Petrify                        Transmutation/Earth          4
   e - Metabolic Englaciation         Hexes/Ice                    5
   f - Yara's Violent Unravelling     Hexes/Transmutation          5
 y - a book of Battle

   Spells                             Type                      Level
   a - Infusion                       Charms                       1
   b - Shroud of Golubria             Charms/Translocation         2
   c - Song of Slaying                Charms                       2
   d - Spectral Weapon                Hexes/Charms                 3
   e - Regeneration                   Charms/Necromancy            3
 E - a book of Cantrips

   Spells                             Type                      Level
   a - Confusing Touch                Hexes                        1
   b - Animate Skeleton               Necromancy                   1
   c - Summon Small Mammal            Summoning                    1
   d - Apportation                    Translocation                1
Comestibles
 b - 7 fruits
 c - 7 bread rations
 g - 5 meat rations
 n - 3 royal jellies
 F - 4 chunks of flesh


   Skills:
 + Level 7.3 Fighting
 + Level 10.8 Axes
 + Level 0.4 Throwing
 * Level 10.8 Armour
 + Level 3.2 Dodging
 + Level 9.2 Shields
 * Level 7.5 Invocations


You had 10 spell levels left.
You didn't know any spells.

Dungeon Overview and Level Annotations

Branches:
Dungeon (9/15)             Temple (0/1) D:4            Lair (1/6) D:9
    Orc: D:9-12

Altars:
Cheibriados
Elyvilon
Fedhas
Gozag
Makhleb
Nemelex Xobeh
Qazlal
Ru
Sif Muna
Vehumet
Xom
Yredelemnul

Shops:
D:4 =   D:6 :

Annotations:
D:4 Prince Ribbit
Abyss:1 Maurice


Innate Abilities, Weirdness & Mutations

You reflexively headbutt those who attack you in melee.
You have a pair of horns on your head.
You have razor-sharp toenails.
You tend to lose your temper in combat.
You can translocate small distances at will.
Your mind is very acute. (Int +4)
You passively map a small area around you.
Potions are less effective at restoring your health.


Message History

The hippogriff claws you but does no damage.
The komodo dragon bites you!!
* * * LOW HITPOINT WARNING * * *
Unknown command.
You slash the komodo dragon!
The komodo dragon seems to slow down.
You freeze the komodo dragon. Your kick misses the komodo dragon.
The komodo dragon is severely wounded.
You hit the hippogriff. You freeze the hippogriff.
Your shield and plate armour prevent you from hitting the crocodile.
You block the crocodile's attack.
The hippogriff bites you but does no damage.
The hippogriff pecks you.
* * * LOW HITPOINT WARNING * * *
The hippogriff claws you.
* * * LOW HITPOINT WARNING * * *
Unknown command.
Your system partially rejects the healing.
You feel much better. You block the crocodile's attack.
The komodo dragon bites you!!
You die...

,, , #........... #. ..
*#.......#.. ... ..
*#......##.# #..#*#.###
#......##.## ,
#...##.#.####..........<
........................
.......%................
,
......tH................
.?....l@................
.....##..###.....#.#.#.#
* #..,
#'####.....#...... * . ,
,#...##.....#...... , ,
* , #...#............. *
, #................. ,
*#...##.....#...... ,
#...##............ , , ,
*#...##.....#......


You could see a komodo dragon, a hippogriff and a crocodile.

Vanquished Creatures
  A two-headed ogre (D:7)
  The ghost of Glorg the Basher, a novice DrBe of Trog (D:7)
  Pikel (D:3)
  Joseph (D:7)
  2 trolls (D:9)
  A hornet (D:8)
  A hippogriff (D:9)
  Grum (D:8)
  A hungry ghost (D:9)
  Edmund (D:5)
  The ghost of Teleutos the Charmwright, an amateur HaSk (D:4)
  Duvessa (D:5)
  4 orc warriors
  A hornet zombie (D:8)
  An ice beast (D:8)
  A phantom (D:9)
  A necrophage (D:7)
  A black bear (D:8)
  5 sky beasts
  4 slaves
  2 wolves (D:8)
  5 ogres
  2 centaurs
  A crocodile (Lair:1)
  A big kobold (D:9)
  Blork the orc (D:4)
  5 bullfrogs
  A wyvern zombie (D:7)
  A wyvern skeleton (D:9)
  A scorpion (D:9)
  Dowan (D:5)
  19 killer bees
  7 wights
  An electric eel (D:8)
  A bullfrog zombie (D:9)
  7 crimson imps
  4 hounds
  A jelly (D:6)
  A quasit (D:6)
  2 centaur skeletons
  6 orc priests
  A bullfrog skeleton (D:7)
  2 iguanas
  8 orc wizards
  7 worker ants
  A hound zombie (D:5)
  2 hound skeletons
  8 gnolls
  10 adders
  An ooze (D:3)
  3 adder zombies
  4 worms
  A dart slug (D:1)
  13 leopard geckos
  41 orcs
  5 giant cockroaches
  11 hobgoblins
  13 jackals
  7 quokkas
  A ball python (D:2)
  7 bats
  A frilled lizard (D:4)
  6 goblins
  13 kobolds
  2 quokka skeletons
  2 quokka zombies
  6 rats
277 creatures vanquished.

Vanquished Creatures (others)
  An orc wizard (D:3)
  A shadow imp (D:8)
  A quokka (D:3)
  A fungus (D:5)
4 creatures vanquished.

Grand Total: 281 creatures vanquished

Notes
Turn   | Place    | Note
-------+----------+-------------------------------------------
     0 | Abyss:1  | Gargoyl the Minotaur Abyssal Knight began the quest for the Orb.
     0 | Abyss:1  | Reached XP level 1. HP: 19/19 MP: 1/1
   110 | Abyss:1  | Noticed a large abomination
   136 | Abyss:1  | Noticed a small abomination
   142 | Abyss:1  | Noticed a neqoxec
   149 | Abyss:1  | Noticed a crimson imp
   151 | Abyss:1  | Noticed a large abomination
   199 | Abyss:1  | Noticed a komodo dragon
   200 | Abyss:1  | Noticed a death drake
   200 | Abyss:1  | a komodo dragon changed into a death drake
   202 | D:1      | Escaped the Abyss
   285 | D:1      | Noticed a wolf
   286 | D:1      | Noticed a polar bear
   286 | D:1      | Noticed a six-headed hydra
   488 | D:1      | Reached XP level 2. HP: 15/27 MP: 2/2
   704 | D:1      | Reached * piety under Lugonu
  1000 | D:1      | Reached XP level 3. HP: 26/33 MP: 3/3
  1552 | D:2      | Found a snail-covered altar of Cheibriados.
  1552 | D:2      | Found a stormy altar of Qazlal.
  1552 | D:2      | Found a shimmering altar of Xom.
  1558 | D:2      | Reached skill level 1 in Shields
  1798 | D:2      | Reached XP level 4. HP: 40/40 MP: 4/4
  2747 | D:2      | Found a burning altar of Makhleb.
  2760 | D:2      | Reached XP level 5. HP: 41/46 MP: 5/5
  2953 | D:3      | Found a radiant altar of Vehumet.
  3038 | D:3      | Reached ** piety under Lugonu
  3129 | D:3      | Gained mutation: Your mind is acute. (Int +2) [potion of mutation]
  3129 | D:3      | Lost mutation: Your mind is acute. (Int +2) [potion of mutation]
  3129 | D:3      | Gained mutation: You passively map a small area around you. [potion of mutation]
  3661 | D:3      | Found a white marble altar of Elyvilon.
  3711 | D:3      | Reached XP level 6. HP: 5/52 MP: 7/7
  3711 | D:3      | HP: 1/52 [orc/club (4)]
  4019 | D:3      | Found an opulent altar of Gozag.
  4424 | D:4      | Noticed Pikel
  4424 | D:4      | Noticed a slave
  4424 | D:4      | Noticed a slave
  4424 | D:4      | Noticed a slave
  4424 | D:4      | Noticed a slave
  4538 | D:2      | Killed a slave
  4719 | D:4      | Killed a slave
  4722 | D:4      | Killed a slave
  5087 | D:4      | Found Egacs's Jewellery Shoppe.
  5115 | D:4      | Noticed Blork the orc
  5133 | D:4      | Killed Blork the orc
  5249 | D:4      | Noticed Teleutos's ghost (amateur HaSk)
  5493 | D:3      | Reached skill level 5 in Armour
  5585 | D:4      | Killed Teleutos's ghost
  5585 | D:4      | Reached XP level 7. HP: 18/60 MP: 8/8
  5774 | D:4      | Found a staircase to the Ecumenical Temple.
  6148 | D:5      | Entered Level 5 of the Dungeon
  6207 | D:5      | Found a blossoming altar of Fedhas.
  6285 | D:5      | Noticed Edmund
  6317 | D:5      | Killed Edmund
  6317 | D:5      | Reached skill level 5 in Axes
  6517 | D:5      | Noticed Duvessa
  6517 | D:5      | Noticed Dowan
  6525 | D:5      | Killed Dowan
  6534 | D:5      | Killed Duvessa
  6534 | D:5      | Reached skill level 5 in Fighting
  7036 | D:5      | Reached XP level 8. HP: 63/68 MP: 10/10
  7042 | D:5      | Noticed Prince Ribbit
  7064 | D:4      | Reached *** piety under Lugonu
  7734 | D:5      | Found a sacrificial altar of Ru.
  8456 | D:6      | Found an opulent altar of Gozag.
  8532 | D:6      | Found a shimmering altar of Xom.
  8723 | D:6      | Found Xaun's Book Shoppe.
  8755 | D:6      | Reached skill level 5 in Shields
  9121 | D:3      | Found a basalt altar of Yredelemnul.
  9147 | D:3      | Found a deep blue altar of Sif Muna.
  9198 | D:3      | Killed Pikel
  9198 | D:3      | Reached skill level 5 in Invocations
  9198 | D:3      | Reached XP level 9. HP: 54/74 MP: 11/11
  9420 | D:7      | Noticed Glorg's ghost (novice DrBe)
  9585 | D:7      | Noticed a two-headed ogre
  9594 | D:7      | Killed a two-headed ogre
  9832 | D:7      | Killed Glorg's ghost
 10235 | D:7      | Reached XP level 10. HP: 42/83 MP: 13/13
 10773 | D:7      | Noticed Joseph
 10783 | D:7      | Killed Joseph
 11286 | D:8      | Noticed Grum
 11304 | D:8      | Killed Grum
 11304 | D:8      | Reached skill level 10 in Armour
 11455 | D:8      | Reached **** piety under Lugonu
 11909 | D:8      | Noticed Maurice
 11922 | D:8      | Banished Maurice
 12580 | D:8      | Reached skill level 10 in Axes
 14021 | D:9      | Found a sparkling altar of Nemelex Xobeh.
 14127 | D:9      | Reached XP level 11. HP: 77/92 MP: 15/15
 14136 | D:9      | Reached ***** piety under Lugonu
 14275 | D:9      | Gained mutation: Your mind is acute. (Int +2) [mutagenic meat]
 14276 | D:9      | Gained mutation: Your spells are a little easier to cast, but a little less powerful. [mutagenic meat]
 14277 | D:9      | Gained mutation: Potions are less effective at restoring your health. [mutagenic meat]
 14278 | D:9      | Gained mutation: You tend to lose your temper in combat. [mutagenic meat]
 14279 | D:9      | Gained mutation: You have sharp toenails. [mutagenic meat]
 14280 | D:9      | Lost mutation: Your spells are a little easier to cast, but a little less powerful. [mutagenic meat]
 14596 | D:9      | Found a staircase to the Lair.
 14807 | D:9      | Gained mutation: Your mind is very acute. (Int +4) [mutagenic meat]
 14808 | D:9      | Lost mutation: Your mind is very acute. (Int +4) [mutagenic meat]
 14809 | D:9      | Gained mutation: You have razor-sharp toenails. [mutagenic meat]
 14810 | D:9      | Gained mutation: You can translocate small distances at will. [mutagenic meat]
 14811 | D:9      | Gained mutation: Your mind is very acute. (Int +4) [mutagenic meat]
 14992 | Lair:1   | Entered Level 1 of the Lair of Beasts
 15047 | Lair:1   | HP: 2/92 [hippogriff (5)]
 15048 | Lair:1   | Slain by a komodo dragon

Skill      XL: |  1  2  3  4  5  6  7  8  9 10 11 |
---------------+----------------------------------+-----
Invocations    | 2 3 4 5 6 7 |  7.5
Fighting       | 4 5 6 7 |  7.3
Armour         | 3 4 5 7 9 10 | 10.8
Shields        | 1 2 3 5 7 8 9 |  9.2
Dodging        | 2 3 |  3.2
Axes           | 3 4 5 7 9 10 | 10.8
Throwing       | |  0.4

Action                   |  1- 3 |  4- 6 |  7- 9 | 10-12 || total
-------------------------+-------+-------+-------+-------++-------
Melee: Hand axe          |   103 |   277 |    34 |       ||   414
       Headbutt          |    17 |    46 |    69 |    89 ||   221
       Broad axe         |       |       |   325 |   464 ||   789
       Kick              |       |       |       |    28 ||    28
Throw: Tomahawk          |     3 |     9 |       |       ||    12
Invok: Depart the Abyss  |     1 |       |       |       ||     1
       Bend Space        |       |     2 |     1 |     1 ||     4
       Banish            |       |       |     1 |     1 ||     2
  Use: Scroll            |     1 |     6 |     8 |     3 ||    18
       Potion            |     1 |     3 |     3 |     3 ||    10
  Eat: Chunk             |     3 |    20 |    17 |    19 ||    59
       Bread ration      |       |       |       |     1 ||     1
Armor: Leather armour    |    44 |     1 |       |       ||    45
       Scale mail        |       |   108 |    19 |       ||   127
       Chain mail        |       |       |    52 |       ||    52
       Plate armour      |       |       |   190 |   210 ||   400
       Skin              |       |       |     2 |       ||     2
Dodge: Dodged            |    32 |    59 |    50 |    64 ||   205
Block: Large shield      |    85 |   194 |   321 |   408 ||  1008
